 Dungeon Crawl Stone Soup version 0.27-a0-385-g3208abaabc (webtiles) character file.

Game seed: 12054336506026832467

337008 rednaxela the Impaler (level 22, 0/175 HPs)
             Began as a Formicid Abyssal Knight on Feb 18, 2021.
             Was a High Priest of Lugonu.
             Slain by a vault warden
             ... wielding a +2 war axe of electrocution
              (27 damage)
             ... on level 5 of the Vaults on Feb 19, 2021.
             The game lasted 02:44:39 (51457 turns).

rednaxela the Impaler (Formicid Abyssal Knight)    Turns: 51457, Time: 02:44:40

Health: 0/175      AC: 31    Str: 37    XL:     22   Next: 89%
Magic:  0/36       EV: 19    Int: 13    God:    Lugonu [*****.]
Gold:   3386       SH: 18    Dex: 15    Spells: 41/41 levels left

rFire    + + .     SeeInvis +   a - +9 glaive (distort)
rCold    + . .     Faith    .   y - +5 kite shield {reflect}
rNeg     + . .     Spirit   +   N - +0 storm dragon scales
rPois    +         Reflect  +   (helmet unavailable)
rElec    +         Harm     .   T - +3 cloak of the Dice {rN+}
rCorr    +         Rampage  .   e - +2 pair of gloves {Str+3}
Will     ++...                  l - +1 pair of boots {Fly}
Stlth    ..........             I - amulet of the Barracuda {Spirit Str+7}
HPRegen  0.39/turn              h - +4 ring of protection {=R}
MPRegen  0.25/turn              f - ring "Waficwyn" {rF+ Str+6}

@: resistant
A: permanent stasis, dig shafts and tunnels, four strong arms, antennae 3
}: 2/15 runes: decaying, gossamer
a: Dig, Shaft Self, Renounce Religion, Evoke Flight, Depart the Abyss, Bend
Space, Banish, Corrupt, Enter the Abyss


You were on level 5 of the Vaults.
You worshipped Lugonu.
Lugonu was extremely pleased with you.
You visited 7 branches of the dungeon, and saw 37 of its levels.
You visited the Abyss 4 times.
You also visited: Ossuary.

You collected 3872 gold pieces.
You spent 486 gold pieces at shops.

Inventory:

Hand Weapons
 a - a +9 glaive of distortion (weapon)
   (You took it off an orc warrior on level 10 of the Dungeon)
 b - a +2 hand axe of flaming
   (You took it off an orc on level 11 of the Dungeon)
 w - a +3 bardiche
   (You took it off a vault warden on level 3 of the Vaults)
Missiles
 F - 17 curare-tipped darts (quivered)
 W - 2 throwing nets {!f}
Armour
 e - a +2 pair of gloves of strength (worn)
   (You acquired it on level 12 of the Dungeon)
 l - a +1 pair of boots of flying (worn)
   (You found it on level 4 of the Swamp)
 y - a +5 kite shield of reflection (worn)
   (You took it off Donald on level 3 of the Swamp)
 N - +0 storm dragon scales (worn)
   (You found it on level 4 of the Vaults)
 T - the +3 cloak of the Dice (worn) {rN+}
   (You found it on level 1 of the Spider Nest)

   It protects you from negative energy.
Jewellery
 c - the ring of Higafejy {rC+ Will+}
   (You found it on level 4 of the Swamp)

   [ring of willpower]

   It protects you from cold.
   It affects your willpower, your defense against some magical effects.
 f - the ring "Waficwyn" (right hand) {rF+ Str+6}
   (You found it on level 7 of the Dungeon)

   [ring of strength]

   It affects your strength (+6).
   It protects you from fire.
 h - a +4 ring of protection (left hand) {=R}
   (You found it on level 2 of the Dungeon)
 H - the ring of Seubasch {+Fly rF+ rN+ Dex+4}
   (You found it on level 8 of the Dungeon)

   [ring of flight]

   It affects your dexterity (+4).
   It protects you from fire.
   It protects you from negative energy.
   It lets you fly.
 I - the amulet of the Barracuda (around neck) {Spirit Str+7}
   (You found it on level 8 of the Dungeon)

   [amulet of guardian spirit]

   It causes incoming damage to be split between your health and magic.
   It affects your strength (+7).
 K - a ring of resist corrosion
   (You found it on level 3 of the Lair of Beasts)
Wands
 i - a wand of charming (18)
   (You found it on level 2 of the Spider Nest)
 m - a wand of mindburst (10)
   (You took it off a yaktaur on level 2 of the Vaults)
 r - a wand of flame (111) {@v4}
   (You took it off Natasha on level 3 of the Dungeon)
 B - a wand of digging (17) {@v3}
   (You found it on level 1 of the Lair of Beasts)
 J - a wand of acid (61) {@v1}
   (You found it on level 1 of the Spider Nest)
 L - a wand of polymorph (4)
   (You took it off an orc on level 13 of the Dungeon)
 S - a wand of paralysis (16)
   (You found it on level 6 of the Lair of Beasts)
 U - a wand of iceblast (18) {@v2}
   (You found it on level 6 of the Lair of Beasts)
Scrolls
 j - 6 scrolls of identify {@r1}
 n - a scroll of silence
 s - 3 scrolls of magic mapping {@r5 !r}
 t - 2 scrolls of fog {!r}
 u - 7 scrolls of amnesia
 v - 4 scrolls of immolation
 x - 4 scrolls of fear {!r}
 z - 6 scrolls of summoning
 D - a scroll of enchant armour
 Z - 2 scrolls of vulnerability
Potions
 d - 9 potions of lignification {@q6}
 g - 9 potions of cancellation
 k - 4 potions of magic
 o - a potion of heal wounds {@q2 !q}
 p - 3 potions of mutation
 q - 7 potions of flight
 C - 6 potions of brilliance
 E - 27 potions of curing {@q1 !q}
 M - a potion of might {@q3 !q}
 Q - 2 potions of ambrosia
 V - a potion of invisibility
Miscellaneous
 O - a box of beasts
   (You found it on level 5 of the Lair of Beasts)
 X - a condenser vane (inert)
   (You found it on level 3 of the Abyss)


   Skills:
 - Level 15.0 Fighting
 - Level 20.0 Polearms
 - Level 15.0 Armour
 - Level 15.0 Dodging
 - Level 9.0 Shields
 + Level 10.3 Spellcasting
 + Level 15.8 Earth Magic
 - Level 15.0 Invocations
 - Level 7.0 Evocations


You had 41 spell levels left.
You didn't know any spells.
Your spell library contained the following spells:

 Spells                   Type           Power        Failure   Level
 Petrify                  Tmut/Erth      27%          11%         4
 Animate Skeleton         Necr           12%          28%         1
 Apportation              Tloc           12%          28%         1
 Beastly Appendage        Tmut           12%          28%         1
 Corona                   Hex            6%           28%         1
 Foxfire                  Conj/Fire      24%          28%         1
 Freeze                   Ice            24%          28%         1
 Magic Dart               Conj           24%          28%         1
 Summon Small Mammal      Summ           24%          28%         1
 Call Imp                 Summ           6%           41%         2
 Slow                     Hex            6%           41%         2
 Wereblood                Tmut           6%           41%         2
 Confusing Touch          Hex            6%           65%         3
 Conjure Flame            Conj/Fire      6%           65%         3
 Frozen Ramparts          Ice            12%          65%         3
 Gell's Gravitas          Tloc           3%           65%         3
 Mephitic Cloud           Conj/Pois/Air  6%           65%         3
 Ozocubu's Armour         Ice            6%           65%         3
 Spider Form              Tmut/Pois      3%           65%         3
 Statue Form              Tmut/Erth      18%          86%         6
 Fulminant Prism          Conj/Hex       3%           96%         4
 Hailstorm                Conj/Ice       6%           96%         4
 Ice Form                 Ice/Tmut       6%           96%         4
 Sticky Flame             Conj/Fire      6%           96%         4
 Summon Ice Beast         Ice/Summ       6%           96%         4
 Blade Hands              Tmut           3%           100%        5
 Irradiate                Conj/Tmut      3%           100%        5
 Metabolic Englaciation   Hex/Ice        3%           100%        5
 Yara's Violent Unravell  Hex/Tmut       3%           100%        5
 Freezing Cloud           Conj/Ice/Air   3%           100%        6
 Hydra Form               Tmut           3%           100%        6
 Simulacrum               Ice/Necr       3%           100%        6
 Dragon Form              Tmut           3%           100%        7
 Ozocubu's Refrigeration  Ice            3%           100%        7
 Discord                  Hex            3%           100%        8
 Blink                    Tloc           Unusable     N/A         2

Dungeon Overview and Level Annotations

Branches:
Dungeon (15/15)            Temple (0/1) D:4            Lair (6/6) D:9
  Swamp (4/4) Lair:3       Spider (4/4) Lair:2        Slime (0/5) Lair:5
    Orc (2/2) D:11            Elf (0/3) Orc:2        Vaults (5/5) D:13
  Crypt (0/3) Vaults:3     Depths (1/5) D:15        Ossuary (visited)

Altars:
Okawaru
Qazlal
Sif Muna
Xom
The Shining One
Beogh

Shops:
D:12 [   D:13 [   Orc:2 ([*?   Vaults:4 =   Depths:1 (

Portals:
Trove: D:10 (show abyssal rune of Zot)

Annotations:
D:10 3 runed translucent doors
Lair:5 exclusion: 4 oklob plants
Vaults:2 corrupted
Vaults:5 corrupted
Abyss:1 Kirke, Rupert, Saint Roka


Innate Abilities, Weirdness & Mutations

You cannot be hasted, slowed, berserked, paralysed or teleported.
You can dig through walls and to a lower floor.
Your four strong arms can wield two-handed weapons with a shield.
You have a pair of large antennae on your head. (SInv)


Message History

The deep troll appears confused.
The deep troll bites the shadow dragon.
The deep troll claws the shadow dragon!
The deep troll claws the shadow dragon.
The deep troll is engulfed in noxious fumes.
The deep troll bites you!
* * * LOW HITPOINT WARNING * * *
The deep troll barely misses you. You block the deep troll's attack.
The tengu reaver is engulfed in noxious fumes.
The deep troll is engulfed in noxious fumes.
The deep troll appears confused.
The ironheart preserver is engulfed in noxious fumes.
The ironheart preserver appears confused.
You block the shadow dragon's attack. The shadow dragon claws you.
You block the shadow dragon's attack.
Aiming: Corrosive Bolt
Press: ? - help, Shift-Dir - straight line, f/p - vault warden
Aim: a vault warden, wielding a +0 battleaxe and wearing a +0 plate armour (noxious fumes, moderately wounded, covered in acid, 26% to evade)
The bolt of acid misses the shadow dragon.
The bolt of acid hits the deep troll!
The deep troll is splashed with acid!
You kill the deep troll!
The bolt of acid hits the vault warden!!
The vault warden is splashed with acid!
The vault warden seems to be corroded for longer.
The vault warden is severely wounded.
The small abomination hits the dire elephant.
The vault warden is engulfed in noxious fumes.
The vault warden appears confused.
The vault warden is engulfed in noxious fumes.
The boulder beetle is engulfed in noxious fumes.
The boulder beetle appears confused.
The dire elephant is engulfed in noxious fumes.
You block the dire elephant's attack. The dire elephant closely misses you.
The golden dragon bites you but does no damage.
The golden dragon claws you but does no damage.
The golden dragon tramples you but does no damage.
The tengu reaver is engulfed in noxious fumes.
The vault warden is engulfed in noxious fumes.
The vault warden appears confused.
The vault warden hits you with a +2 war axe of electrocution!
* * * LOW HITPOINT WARNING * * *
The tengu reaver is engulfed in noxious fumes.
The frost giant zombie hits the golden dragon.
The deep troll is engulfed in noxious fumes.
The deep troll appears confused.
The shadow dragon closely misses you. You block the shadow dragon's attack.
The shadow dragon misses you.
The ironheart preserver is engulfed in noxious fumes.
The ironheart preserver completely misses the tengu reaver.
The deep troll is engulfed in noxious fumes.
The deep troll appears confused.
Aiming: Corrosive Bolt
Press: ? - help, Shift-Dir - straight line, f/p - vault warden
Aim: a vault warden, wielding a +0 battleaxe and wearing a +0 plate armour (severely wounded, confused, covered in acid, 9% to evade)
The bolt of acid hits the shadow dragon!
The shadow dragon is splashed with acid!
The shadow dragon seems to be corroded for longer.
The shadow dragon is moderately wounded.
The bolt of acid hits the tengu reaver!
The tengu reaver is splashed with acid.
The tengu reaver is heavily wounded.
The bolt of acid hits the vault warden!
The vault warden is splashed with acid.
The vault warden seems to be corroded for longer.
The vault warden is almost dead.
The fire giant seems less confused.
The dire elephant changes into an eleionoma!
The small abomination hits the eleionoma!
The vault warden is engulfed in noxious fumes.
The tengu reaver is engulfed in noxious fumes.
The tengu reaver hits you with a +0 battleaxe!!
* * * LOW HITPOINT WARNING * * *
The tengu reaver hits the frost giant zombie with a +0 battleaxe!
The tengu reaver pecks you but does no damage.
The tengu reaver barely misses you.
The tengu reaver is engulfed in noxious fumes.
The tengu reaver appears confused.
The golden dragon closely misses you. x2
You block the golden dragon's attack.
The vault warden is engulfed in noxious fumes.
The vault warden hits the ironheart preserver with a +2 war axe of electrocution!!
The vault warden hits you but does no damage.
The deep troll is engulfed in noxious fumes.
The frost giant zombie hits the golden dragon!
The deep troll is engulfed in noxious fumes.
The small abomination hits the eleionoma!
The shadow dragon bites you but does no damage.
You block the shadow dragon's attack. x2
Really quaff
o - 2 potions of heal wounds {@q2 !q}?
You feel much better.
The tengu reaver is engulfed in noxious fumes.
The ironheart preserver is engulfed in noxious fumes.
The ironheart preserver closely misses you.
The boulder beetle is engulfed in noxious fumes.
The vault warden is engulfed in noxious fumes.
The vault warden hits the orb spider with a +3 long sword of electrocution!!
The golden dragon completely misses you.
You block the golden dragon's attack. x2
The fire giant is engulfed in noxious fumes.
The tengu reaver is engulfed in noxious fumes.
The tengu reaver gestures wildly while chanting.
An electric hum fills the air.
The small abomination hits the eleionoma!!
The vault warden is engulfed in noxious fumes.
The vault warden hits you with a +2 war axe of electrocution!!
You die...

#....# ... #....#
.§. { #..#.##
.§[. #.....# {
.§§°. ##....#
.○§§##.T..## #
#○p§○§Z..#§###
#.s§8DQ..§○☼.+
###[§○T@p○...###
D....§§RDpC......
☼.)...x#§§§#.#...
5......§pQ[<.....
.#.....[[<[.#....
#####[.#☼§§§.§##
{.§..B°§.§.☼
{.#§#.§§☼.#§#
3#..#{X§...##


You could see a shadow dragon (corroded), an ironheart preserver (confused), a
golden dragon, a fire giant, 3 vault wardens, 2 tengu reavers, an eleionoma
shaped shifter, a boulder beetle (confused), 2 deep trolls, a lightning spire
(summoned), a neutral orb spider (summoned), a neutral small abomination
(summoned) and a neutral frost giant zombie (summoned).

Vanquished Creatures
  Mara (Swamp:2)
  Margery (Vaults:2)
  Arachne (Spider:4)
  Jorgrun (Spider:2)
  2 titans (Vaults:5)
  The ghost of Iruic the Warrior, an adept OgFi of Okawaru (Swamp:4)
  Gastronok (Lair:2)
  Donald (Swamp:3)
  A storm dragon (Vaults:4)
  2 tengu reavers (Vaults:2)
  A deep elf sorcerer (Vaults:1)
  4 vault wardens
  4 ghost moths (Spider:4)
  A frost giant (Vaults:5)
  Louise (Swamp:1)
  3 emperor scorpions
  9 ironheart preservers
  5 stone giants
  11 very ugly things
  6 entropy weavers
  A bunyip (Swamp:2)
  2 spark wasps (Spider:4)
  An ettin (Vaults:5)
  8 eleionomae
  8 yaktaur captains
  A shambling mangrove (Swamp:4)
  A rakshasa (Vaults:1)
  25 vault guards
  A great orb of eyes (Vaults:1)
  3 ghost crabs
  6 boulder beetles
  A servant of whispers (Vaults:2)
  4 ice dragons
  5 catoblepae
  25 hydras
  5 ogre magi
  A death knight (Vaults:3)
  8 centaur warriors
  8 alligators
  2 deep troll shamans
  5 two-headed ogres
  8 death yaks
  2 dancing weapons (Vaults:4)
  A queen ant (Spider:1)
  A deep troll earth mage (Vaults:3)
  Urug (D:11)
  6 deep elf knights
  Sonja (D:13)
  10 orc high priests (Orc:2)
  5 spriggans
  5 hell knights (Vaults:2)
  9 skeletal warriors (Vaults:3)
  A shadow wraith (Vaults:3)
  5 spriggan druids
  5 goliath frogs
  6 deep trolls
  11 swamp dragons
  7 ironbrand convokers
  3 bog bodies
  An obsidian statue (D:13)
  2 lindwurms
  3 unseen horrors
  A glowing orange brain (Vaults:2)
  3 necromancers
  A flayed ghost (Vaults:1)
  6 deep elf archers
  15 ugly things
  5 wizards
  A phantasmal warrior (Vaults:4)
  3 deep elf zephyrmancers
  12 orc knights
  A harpy (Vaults:2)
  2 orc sorcerers
  25 orb spiders
  2 deep elf pyromancers
  3 cyclopes
  3 will-o-the-wisps
  2 sphinx skeletons (Vaults:3)
  5 moths of wrath
  19 wolf spiders
  3 manticores
  2 frost giant skeletons (Vaults:3)
  8 vault sentinels
  8 black mambas
  16 elephants
  3 torpor snails
  Joseph (D:10)
  13 cane toads
  A gargoyle (D:15)
  An ice statue (Lair:5)
  A kobold demonologist (D:10)
  4 efreet
  A yaktaur zombie (Vaults:4)
  8 komodo dragons
  7 freezing wraiths
  21 yaktaurs
  8 demonic crawlers
  A yaktaur skeleton (Vaults:3)
  A rime drake (Lair:6)
  A queen bee (shapeshifter) (D:12)
  A harpy zombie (D:15)
  2 trolls (Orc:1)
  11 tyrant leeches
  9 polar bears
  12 hornets
  44 jumping spiders
  A troll (shapeshifter) (Vaults:1)
  A tengu simulacrum (Vaults:1)
  3 saltlings (Vaults:2)
  Prince Ribbit (D:8)
  10 slime creatures
  17 blink frogs
  An ettin zombie (Vaults:4)
  A fire giant simulacrum (Vaults:3)
  12 dream sheep
  2 ettin skeletons
  44 tarantellas
  3 wraiths
  Sigmund (D:2)
  72 redbacks
  2 shadows
  12 yaks
  A vampire (D:9)
  4 wyverns
  4 hogs (Spider:2)
  A wyvern (shapeshifter) (Vaults:3)
  4 basilisks
  A basilisk (shapeshifter) (Vaults:3)
  Eustachio (D:4)
  A hog (shapeshifter) (D:15)
  A yaktaur simulacrum (Vaults:4)
  14 vampire mosquitoes
  Menkaure (D:4)
  6 wargs (Orc:2)
  10 swamp worms
  23 soldier ants
  3 acid dragons
  Duvessa (D:4)
  4 sky beasts
  47 orc warriors
  A deep troll skeleton (Vaults:4)
  13 water moccasins
  10 swamp drakes (Swamp:4)
  11 ice beasts
  3 black bears
  15 ogres
  An eye of draining (D:11)
  5 boggarts (Vaults:3)
  A hornet zombie (D:15)
  4 human zombies
  An eye of draining (shapeshifter) (Vaults:3)
  A necrophage (D:10)
  7 wolves (Lair:6)
  20 centaurs
  7 kobold brigands
  22 bullfrogs
  An elf zombie (D:5)
  2 gnoll sergeants (D:8)
  Dowan (D:4)
  5 elf skeletons (D:5)
  A small abomination (Abyss:1)
  9 scorpions
  14 killer bees
  4 human simulacra
  10 wights
  3 howler monkeys
  5 centaur zombies
  7 hounds
  3 bullfrog zombies
  2 jellies
  Crazy Yiuf (D:7)
  46 orc priests
  2 bullfrog skeletons
  5 centaur skeletons
  4 gnoll shamans (D:8)
  7 human skeletons
  26 orc wizards
  Natasha (thrice) (D:3)
  5 iguanas
  4 hell rats (Lair:1)
  27 worker ants
  12 mummies (Ossuary)
  A hound skeleton (D:7)
  A hound zombie (D:6)
  A worker ant zombie (D:8)
  7 gnolls (D:8)
  2 howler monkey skeletons
  13 adders
  A shadow imp (D:8)
  9 white imps
  3 ufetubi
  3 adder zombies
  2 adder skeletons
  2 worms
  3 dart slugs
  10 leopard geckos
  171 orcs
  5 giant cockroaches
  12 goblins
  15 hobgoblins
  11 jackals
  24 kobolds
  6 quokkas
  6 bats
  4 frilled lizards
  3 gnoll skeletons (Ossuary)
  A goblin skeleton (Ossuary)
  A jackal skeleton (D:5)
  A jackal zombie (D:7)
  3 kobold skeletons (Ossuary)
  3 orc skeletons
  An orc zombie (D:5)
  A quokka skeleton (D:6)
  13 rats
  11 rat skeletons (Ossuary)
  A butterfly (Lair:3)
1560 creatures vanquished.

Vanquished Creatures (others)
  Sojobo (Vaults:2)
  2 golden dragons (Vaults:5)
  A tentacled monstrosity (Vaults:5)
  4 titans (Vaults:5)
  A quicksilver dragon (Vaults:5)
  A storm dragon (Vaults:5)
  A frost giant (Vaults:2)
  2 fire giants
  3 vault wardens
  An iron dragon (Vaults:5)
  A stone giant (Vaults:2)
  A deep elf demonologist (Vaults:5)
  A deep elf high priest (Vaults:5)
  A yaktaur captain (Vaults:5)
  A goliath frog (Swamp:2)
  A shadow dragon zombie (Vaults:5)
  2 ironbrand convokers
  2 orc knights (Vaults:2)
  A phantasmal warrior (Vaults:5)
  A tengu zombie (Vaults:5)
  2 ugly things (Vaults:2)
  A necromancer (Vaults:5)
  A stone giant skeleton (Vaults:5)
  A vault sentinel (Vaults:5)
  3 yaktaurs (Vaults:2)
  A troll (Vaults:2)
  A wind drake (shapeshifter) (Vaults:5)
  4 bloated husks
  An ettin skeleton (Vaults:5)
  3 orc warriors (Vaults:2)
  2 bushes (Lair:3)
  5 foxfires
  26 fungi
  59 plants
  19 starspawn tentacles
158 creatures vanquished.

Grand Total: 1718 creatures vanquished

Notes
Turn   | Place    | Note
-------+----------+-------------------------------------------
     0 | Abyss:1  | rednaxela the Formicid Abyssal Knight began the quest for
                  | the Orb.
     0 | Abyss:1  | Reached XP level 1. HP: 18/18 MP: 2/2
    60 | Abyss:1  | Noticed an unseen horror
    61 | D:1      | Escaped the Abyss
   148 | D:1      | Reached XP level 2. HP: 21/24 MP: 3/3
   281 | D:1      | Reached * piety under Lugonu
   284 | D:1      | Reached skill level 3 in Polearms
   581 | D:1      | Reached XP level 3. HP: 26/29 MP: 4/4
  1159 | D:2      | Reached skill level 4 in Polearms
  1159 | D:2      | Reached XP level 4. HP: 35/35 MP: 5/5
  1427 | D:2      | Noticed Sigmund
  1611 | D:3      | Noticed Natasha
  1616 | D:3      | Killed Natasha
  1643 | D:3      | Reached XP level 5. HP: 38/41 MP: 6/6
  1651 | D:3      | Reached ** piety under Lugonu
  1851 | D:3      | Reached skill level 5 in Polearms
  2159 | D:3      | Found a shimmering blue altar of Sif Muna.
  2199 | D:3      | Noticed Natasha
  2206 | D:3      | Killed Natasha
  2334 | D:3      | Reached skill level 6 in Polearms
  2334 | D:3      | Reached XP level 6. HP: 47/47 MP: 7/7
  2823 | D:3      | Noticed Natasha
  2838 | D:3      | Killed Natasha
  3149 | D:3      | Reached XP level 7. HP: 48/52 MP: 8/8
  3206 | D:4      | Reached skill level 7 in Polearms
  3235 | D:5      | Entered Level 5 of the Dungeon
  3532 | D:5      | Reached skill level 8 in Polearms
  3540 | D:5      | Reached *** piety under Lugonu
  3584 | D:5      | Reached XP level 8. HP: 56/58 MP: 9/9
  3586 | D:5      | Found a sand-covered staircase.
  3609 | Ossuary  | Entered an ossuary
  3926 | Ossuary  | Reached skill level 9 in Polearms
  4600 | D:4      | Noticed Menkaure
  4604 | D:4      | Killed Menkaure
  4938 | D:4      | Found a staircase to the Ecumenical Temple.
  4982 | D:4      | Found an iron altar of Okawaru.
  4998 | D:4      | Noticed Eustachio
  5007 | D:4      | Killed Eustachio
  5008 | D:4      | Reached skill level 10 in Polearms
  5111 | D:4      | Reached **** piety under Lugonu
  5348 | D:4      | Noticed Dowan
  5348 | D:4      | Noticed Duvessa
  5676 | D:4      | Killed Duvessa
  5677 | D:4      | Reached XP level 9. HP: 59/64 MP: 9/11
  5694 | D:4      | Killed Dowan
  5695 | D:4      | Reached skill level 3 in Invocations
  6324 | D:2      | Killed Sigmund
  6475 | D:5      | Reached skill level 4 in Invocations
  6589 | D:5      | Reached skill level 11 in Polearms
  7111 | D:5      | Reached skill level 2 in Shields
  7830 | D:6      | Reached skill level 3 in Shields
  7915 | D:6      | Reached skill level 4 in Shields
  8280 | D:7      | Reached skill level 5 in Shields
  8655 | D:7      | Reached skill level 6 in Shields
  8948 | D:7      | Found a runed translucent door.
  8949 | D:7      | Noticed Crazy Yiuf
  9002 | D:7      | Reached skill level 7 in Shields
  9193 | D:7      | Reached XP level 10. HP: 68/70 MP: 13/13
  9272 | D:7      | Got a shimmering bone ring
  9279 | D:7      | Identified the ring "Waficwyn" {rF+ Str+6} (You found it on
                  | level 7 of the Dungeon)
  9557 | D:8      | Reached skill level 8 in Shields
  9713 | D:8      | Reached skill level 9 in Shields
  9935 | D:8      | Noticed a two-headed ogre
  9938 | D:8      | Banished a two-headed ogre
  9939 | D:8      | Reached skill level 5 in Invocations
 10098 | D:8      | Reached skill level 6 in Invocations
 10311 | D:8      | Noticed Prince Ribbit
 10330 | D:8      | Killed Prince Ribbit
 10499 | D:8      | Got a clouded copper ring
 10701 | D:8      | Reached skill level 7 in Invocations
 10760 | D:8      | Reached ***** piety under Lugonu
 10816 | D:8      | Got a coiled steel amulet
 10834 | D:8      | Identified the amulet of the Barracuda {Spirit Str+7} (You
                  | found it on level 8 of the Dungeon)
 10836 | D:8      | Identified the ring of Seubasch {+Fly rF+ rN+ Dex+4} (You
                  | found it on level 8 of the Dungeon)
 11117 | D:9      | Reached skill level 12 in Polearms
 11184 | D:9      | Reached XP level 11. HP: 75/75 MP: 16/16
 11191 | D:9      | Found a staircase to the Lair.
 11279 | D:9      | Noticed a two-headed ogre
 11288 | D:9      | Banished a two-headed ogre
 11289 | D:9      | Reached skill level 8 in Invocations
 11659 | D:9      | Reached skill level 9 in Invocations
 11793 | D:9      | Found a stormy altar of Qazlal.
 12057 | D:10     | Entered Level 10 of the Dungeon
 12940 | D:10     | Reached skill level 13 in Polearms
 12940 | D:10     | Reached skill level 10 in Invocations
 13141 | D:10     | Found a runed translucent gate.
 13141 | D:10     | Found a runed translucent gate.
 13142 | D:10     | Found a runed translucent gate.
 13143 | D:10     | Noticed a glowing orange brain
 13144 | D:10     | Noticed a red very ugly thing
 13144 | D:10     | Noticed a brown ugly thing
 13146 | D:10     | Noticed a green ugly thing
 13147 | D:10     | Noticed a red ugly thing
 13715 | D:10     | Found a portal to a secret trove of treasure.
 13952 | D:10     | Noticed Joseph
 13986 | D:10     | Killed Joseph
 14731 | D:10     | Noticed a two-headed ogre
 14742 | D:10     | Killed a two-headed ogre
 15023 | D:11     | Noticed a boulder beetle
 15046 | D:11     | Banished a boulder beetle
 15047 | D:11     | Reached skill level 14 in Polearms
 15047 | D:11     | Reached XP level 12. HP: 28/81 MP: 7/19
 15525 | D:11     | Noticed a five-headed hydra
 15531 | D:11     | Banished a five-headed hydra
 15546 | D:11     | Noticed a four-headed hydra
 15549 | D:11     | Banished a four-headed hydra
 15550 | D:11     | Reached skill level 15 in Polearms
 15665 | D:11     | Noticed a six-headed hydra
 15671 | D:11     | Killed a six-headed hydra
 15783 | D:11     | Noticed Urug
 15802 | D:11     | Killed Urug
 16217 | D:11     | Found a roughly hewn altar of Beogh.
 16302 | D:11     | Found a staircase to the Orcish Mines.
 16472 | D:11     | Reached skill level 16 in Polearms
 16735 | D:7      | Killed Crazy Yiuf
 16812 | Lair:1   | Entered Level 1 of the Lair of Beasts
 16948 | Lair:1   | Noticed an eight-headed hydra
 16952 | Lair:1   | Banished an eight-headed hydra
 17023 | Lair:1   | Noticed an eight-headed hydra
 17025 | Lair:1   | Banished an eight-headed hydra
 17026 | Lair:1   | Reached XP level 13. HP: 86/86 MP: 11/20
 17619 | Lair:1   | Reached skill level 17 in Polearms
 18087 | Lair:2   | Found a hole to the Spider Nest.
 18244 | Lair:2   | Noticed Gastronok
 18270 | Lair:2   | Killed Gastronok
 18727 | Lair:2   | Found a shimmering altar of Xom.
 18877 | Lair:2   | Noticed a six-headed hydra
 18888 | Lair:2   | Killed a one-headed hydra
 19315 | Lair:3   | Reached skill level 18 in Polearms
 19766 | Lair:3   | Noticed a boulder beetle
 19771 | Lair:3   | Banished a boulder beetle
 19839 | Lair:3   | Found a glowing golden altar of the Shining One.
 20101 | Lair:3   | Found a staircase to the Swamp.
 20629 | Lair:4   | Reached XP level 14. HP: 93/93 MP: 21/21
 20856 | Lair:4   | Reached skill level 19 in Polearms
 20874 | Lair:4   | Reached ****** piety under Lugonu
 22742 | Lair:5   | Reached skill level 20 in Polearms
 22742 | Lair:5   | Reached skill level 1 in Dodging
 23022 | Lair:5   | Reached skill level 3 in Armour
 23022 | Lair:5   | Identified a +8 glaive of distortion (a +6 glaive corrupted
                  | by Lugonu)
 23022 | Lair:5   | Received a gift from Lugonu
 23035 | Lair:5   | Reached skill level 4 in Fighting
 23035 | Lair:5   | Reached skill level 2 in Dodging
 23489 | Lair:5   | Found a staircase to the Slime Pits.
 23805 | Lair:6   | Entered Level 6 of the Lair of Beasts
 23815 | Lair:6   | Reached skill level 4 in Armour
 23847 | Lair:6   | Reached skill level 3 in Dodging
 23855 | Lair:6   | Reached skill level 5 in Fighting
 23904 | Lair:6   | Reached XP level 15. HP: 101/103 MP: 22/22
 24079 | Lair:6   | Reached skill level 5 in Armour
 24090 | Lair:6   | Reached skill level 6 in Fighting
 24090 | Lair:6   | Reached skill level 4 in Dodging
 24148 | Lair:6   | Got a smoking wooden ring
 24149 | Lair:6   | Identified the ring "Qeaskuoj" {rPois rF- Int+6} (You found
                  | it on level 6 of the Lair of Beasts)
 24328 | Lair:6   | Reached skill level 6 in Armour
 24795 | Lair:6   | Reached skill level 5 in Dodging
 24797 | Lair:6   | Reached skill level 7 in Fighting
 25515 | D:12     | Reached skill level 7 in Armour
 25883 | D:12     | Found Losufehi's Antique Armour Emporium.
 25994 | D:12     | Identified a scroll of acquirement
 25994 | D:12     | Acquired a +1 pair of gloves of strength
 26167 | D:13     | Noticed Sonja
 26189 | D:13     | Killed Sonja
 26203 | D:13     | Reached skill level 8 in Fighting
 26580 | D:13     | Reached skill level 6 in Dodging
 26762 | D:13     | Reached skill level 8 in Armour
 26824 | D:13     | Found a gate to the Vaults.
 27058 | D:13     | Found Vepado's Armour Shoppe.
 27372 | D:13     | Got a jewelled spear
 27373 | D:13     | Identified the +8 spear of Action {drain, rC- MP-9 Str+8
                  | SInv} (You found it on level 13 of the Dungeon)
 27442 | D:15     | Entered Level 15 of the Dungeon
 27631 | D:14     | Reached XP level 16. HP: 118/118 MP: 23/23
 27775 | D:14     | Noticed Rupert
 27784 | D:14     | Banished Rupert
 27785 | D:14     | Reached skill level 9 in Fighting
 28460 | D:15     | Reached skill level 7 in Dodging
 28716 | D:15     | Reached skill level 9 in Armour
 28873 | D:15     | Found a staircase to the Depths.
 29101 | D:15     | Reached skill level 10 in Fighting
 29403 | D:15     | Acquired a manual of Earth Magic
 29535 | Depths:1 | Entered Level 1 of the Depths
 29535 | Depths:1 | Found Numorewn's Weapon Shop.
 29623 | Orc:1    | Entered Level 1 of the Orcish Mines
 29659 | Orc:1    | Reached skill level 8 in Dodging
 29813 | Orc:1    | Found a roughly hewn altar of Beogh.
 29980 | Orc:2    | Entered Level 2 of the Orcish Mines
 29983 | Orc:2    | Reached skill level 10 in Armour
 30347 | Orc:2    | Found a staircase to the Elven Halls.
 30918 | Orc:2    | Found Zeahex's Magic Scroll Emporium.
 30918 | Orc:2    | Found Azxicuiw's General Store.
 31272 | Orc:2    | Found a roughly hewn altar of Beogh.
 31508 | Orc:2    | Found Medatridyus's Antique Weapon Boutique.
 31530 | Orc:2    | Found Jevitit's Armour Emporium.
 31747 | Orc:2    | Found a roughly hewn altar of Beogh.
 31969 | D:13     | Bought a +0 plate armour of poison resistance for 486 gold
                  | pieces
 32158 | Spider:1 | Entered Level 1 of the Spider Nest
 32510 | Spider:1 | Reached XP level 17. HP: 116/129 MP: 21/25
 32940 | Spider:1 | Reached skill level 11 in Invocations
 33054 | Spider:1 | Reached skill level 11 in Armour
 33111 | Spider:1 | Reached skill level 9 in Dodging
 33112 | Spider:1 | Reached skill level 11 in Fighting
 33565 | Spider:1 | You fall into a shaft and drop 1 floor!
 33565 | Spider:2 | Noticed Kirke
 33598 | Spider:2 | Banished Kirke
 33644 | Spider:1 | Got a warped cloak
 33645 | Spider:1 | Identified the +3 cloak of the Dice {rN+} (You found it on
                  | level 1 of the Spider Nest)
 33836 | Spider:2 | Noticed Jorgrun
 33860 | Spider:2 | Killed Jorgrun
 33861 | Spider:2 | Reached skill level 12 in Invocations
 34155 | Spider:2 | Reached skill level 12 in Fighting
 34155 | Spider:2 | Reached skill level 12 in Armour
 34573 | Spider:2 | Reached skill level 10 in Dodging
 35024 | Spider:3 | Reached XP level 18. HP: 129/140 MP: 24/27
 35426 | Spider:4 | Entered Level 4 of the Spider Nest
 36038 | Spider:4 | Reached skill level 13 in Invocations
 36614 | Spider:4 | Reached skill level 13 in Armour
 36669 | Spider:4 | Reached skill level 13 in Fighting
 36671 | Spider:4 | Noticed Arachne
 36707 | Spider:4 | Killed Arachne
 36708 | Spider:4 | Reached skill level 11 in Dodging
 37579 | Spider:4 | Got a gossamer rune of Zot
 37806 | Swamp:1  | Entered Level 1 of the Swamp
 37880 | Swamp:1  | Reached skill level 1 in Evocations
 37889 | Swamp:1  | Identified the +0 tower shield of Kuziyggusk {rN++ Will+
                  | Int-5 Stlth+}
 37889 | Swamp:1  | Noticed Louise
 37905 | Swamp:1  | Reached skill level 2 in Evocations
 37910 | Swamp:1  | Cast into level 3 of the Abyss (Louise)
 37911 | Abyss:3  | Reached skill level 3 in Evocations
 37954 | Swamp:1  | Escaped the Abyss
 37972 | Swamp:1  | Killed Louise
 37977 | Swamp:1  | Reached XP level 19. HP: 84/149 MP: 19/29
 38297 | Swamp:1  | Identified Heisty's Incunabulum of Flamy Beguiling
 38370 | Swamp:1  | Reached skill level 4 in Evocations
 38524 | Swamp:1  | Reached skill level 5 in Evocations
 38915 | Swamp:2  | Reached skill level 6 in Evocations
 39222 | Swamp:2  | Reached skill level 7 in Evocations
 39943 | Swamp:3  | Noticed Mara
 39945 | Swamp:3  | Noticed rednaxela's illusion
 39964 | Swamp:2  | Killed Mara
 40121 | Swamp:2  | Reached skill level 14 in Invocations
 40666 | Swamp:3  | Noticed Donald
 40685 | Swamp:3  | Killed Donald
 40698 | Swamp:3  | Reached skill level 14 in Armour
 41144 | Swamp:3  | Reached skill level 14 in Fighting
 41361 | Swamp:4  | Entered Level 4 of the Swamp
 41809 | Swamp:4  | Reached XP level 20. HP: 103/160 MP: 28/30
 42081 | Swamp:4  | Escaped the Abyss
 42693 | Swamp:4  | Found a runed translucent door.
 42694 | Swamp:4  | Noticed Iruic's ghost (adept OgFi)
 42707 | Swamp:4  | Killed Iruic's ghost
 42714 | Swamp:4  | Got a scorched bronze ring
 42715 | Swamp:4  | Identified the ring of Higafejy {rC+ Will+} (You found it
                  | on level 4 of the Swamp)
 42841 | Swamp:4  | Got a decaying rune of Zot
 43220 | Vaults:1 | Entered Level 1 of the Vaults
 43665 | Vaults:1 | Reached skill level 15 in Armour
 43676 | Vaults:1 | Reached skill level 15 in Fighting
 43692 | Vaults:1 | Reached skill level 12 in Dodging
 43727 | Vaults:1 | Reached skill level 15 in Invocations
 44467 | Vaults:1 | Reached skill level 13 in Dodging
 44746 | Vaults:2 | Corrupted Vaults:2
 44749 | Vaults:2 | Noticed a dread lich
 44772 | Vaults:2 | Killed Sojobo
 45363 | Vaults:2 | Noticed Margery
 45388 | Vaults:2 | Killed Margery
 45524 | Vaults:2 | Reached XP level 21. HP: 168/168 MP: 32/32
 45639 | Vaults:2 | Reached skill level 14 in Dodging
 46735 | Vaults:3 | Noticed Saint Roka
 46765 | Vaults:2 | Banished Saint Roka
 46990 | Vaults:3 | Reached skill level 15 in Dodging
 47113 | Vaults:3 | Reached skill level 1 in Earth Magic
 47120 | Vaults:3 | Reached skill level 1 in Spellcasting
 47120 | Vaults:3 | Reached skill level 2 in Earth Magic
 47294 | Vaults:3 | Reached skill level 3 in Earth Magic
 47377 | Vaults:3 | Reached skill level 2 in Spellcasting
 47378 | Vaults:3 | Reached skill level 4 in Earth Magic
 47453 | Vaults:3 | Reached skill level 5 in Earth Magic
 47457 | Vaults:3 | Reached skill level 3 in Spellcasting
 47637 | Vaults:3 | Reached skill level 6 in Earth Magic
 47709 | Vaults:3 | Reached skill level 4 in Spellcasting
 47709 | Vaults:3 | Reached skill level 7 in Earth Magic
 47745 | Vaults:3 | Found a staircase to the Crypt.
 47817 | Vaults:3 | Reached skill level 8 in Earth Magic
 48081 | Vaults:3 | Reached skill level 5 in Spellcasting
 48152 | Vaults:3 | Reached skill level 9 in Earth Magic
 48545 | Vaults:4 | Reached skill level 10 in Earth Magic
 48574 | Vaults:4 | Reached skill level 6 in Spellcasting
 48594 | Vaults:4 | Reached XP level 22. HP: 135/175 MP: 26/33
 48602 | Vaults:4 | Reached skill level 11 in Earth Magic
 49065 | Vaults:4 | Reached skill level 7 in Spellcasting
 49081 | Vaults:4 | Reached skill level 12 in Earth Magic
 49801 | Vaults:4 | Found Fear's Jewellery Boutique.
 49861 | Vaults:4 | Reached skill level 13 in Earth Magic
 49863 | Vaults:4 | Reached skill level 8 in Spellcasting
 50637 | Vaults:5 | Entered Level 5 of the Vaults
 50637 | Vaults:5 | Noticed a golden dragon
 50652 | Vaults:5 | Reached skill level 14 in Earth Magic
 50654 | Vaults:5 | Reached skill level 9 in Spellcasting
 50658 | Vaults:5 | Reached skill level 15 in Earth Magic
 51164 | Vaults:5 | Identified the ring "Lafam" {rF++ rC- Will+ Dex+5}
 51379 | Vaults:5 | Corrupted Vaults:5
 51383 | Vaults:5 | Reached skill level 10 in Spellcasting
 51386 | Vaults:5 | Noticed a bone dragon
 51406 | Vaults:5 | Noticed a golden dragon
 51410 | Vaults:5 | Killed a golden dragon
 51412 | Vaults:5 | Identified the +9 battleaxe "Wupnoin" {venom, rPois Int+2
                  | Dex+2}
 51412 | Vaults:5 | Killed a golden dragon
 51438 | Vaults:5 | Escaped the Abyss
 51447 | Vaults:5 | Noticed a golden dragon
 51457 | Vaults:5 | Slain by a vault warden

Illustrated notes

Levels and vault maps discovered:
D:1:      zelgadis_glass_arrival_small, layout_rooms
D:2:      layout_loops_ring, uniq_sigmund
D:3:      layout_loops_corners, st_stairs_14, led_sif_pool, uniq_natasha
D:4:      corexii_shack_village, layout_basic, general_overflow_altar,
          minmay_temple_entry_drinking_statues, uniq_duvessa, uniq_eustachio,
          uniq_menkaure
D:5:      layout_rooms, nicolae_ossuary_entry_catacombs, st_stairs_6,
          minmay_fractal_squares_diagonal_5
D:6:      layout_rooms
D:7:      layout_loops_ring, kennysheep_boxes, uniq_crazy_yiuf_cottage
D:8:      kennysheep_housing_project, layout_gridville, uniq_prince_ribbit1
D:9:      layout_basic, lair_entry_dummy, david_defended_altar_elf
D:10:     nzn_winding_woodlands_medium [nzn_winding_woodlands_5x5_cross,
          nzn_winding_woodlands_5x15_pool, nzn_winding_woodlands_5x5_open_star,
          nzn_winding_woodlands_5x5_default,
          nzn_winding_woodlands_center_garden,
          nzn_winding_woodlands_5x5_closed_star,
          nzn_winding_woodlands_5x5_three,
          nzn_winding_woodlands_5x15_concentric,
          nzn_winding_woodlands_5x5_checkerboard], layout_grid_maze,
          special_room [special_room_orc],
          ploomutoo_gammafunk_ghost_potion_laboratory,
          nicolae_trove_entry_isolated, uniq_joseph
D:11:     layout_long_grid, orc_0_dummy, special_room [special_room_orc],
          uniq_urug
D:12:     layout_long_grid, serial_shops, shop_fountains
D:13:     layout_rooms, david_vaults_5, serial_shops, shop_statue, minivault_16,
          grunt_decor_resistance, uniq_sonja
D:14:     layout_roguey, kennysheep_small_spiral, uniq_rupert
D:15:     hangedman_depths_entry_civil_slaughter, layout_loops_ring
Lair:1:   layout_regular_city, grunt_megastairs_5
Lair:2:   layout_regular_city, nicolae_spider_entry_tight_spaces, basic_altar,
          uniq_gastronok
Lair:3:   layout_cave_pods, skrybe_swamp_entry_bodies, basic_altar,
          infiniplex_staircase_pool_2, lemuel_fruit_fields
Lair:4:   layout_roguey
Lair:5:   layout_gridlike, minmay_slime_entry_oklob_open, ice2_lemuel,
          grunt_megastairs_3
Lair:6:   grunt_lair_end_beastmaster, layout_regular_city,
          lightli_volcano_entry_magma_tube, lemuel_fruit_fields
Swamp:1:  layout_falls_marsh, evilmike_swamp_ruin_house_1, uniq_louise
Swamp:2:  layout_basic_swamp, infiniplex_staircase_pool
Swamp:3:  layout_falls_marsh, evilmike_swamp_ruin_house_4, swamp_pool4,
          uniq_donald, uniq_mara
Swamp:4:  swamp, layout_basic_swamp, ebering_ghost_reflecting_pool
Spider:1: layout_spider_delve, minivault_29
Spider:2: layout_spider_delve, guppyfry_spider_mini_2, uniq_jorgrun, uniq_kirke
Spider:3: layout_spider_delve, hangedman_spider_tarantella_strand
Spider:4: johnstein_spider_rune_arachne_lair
Orc:1:    layout_caves, minmay_orc_temple_b
Orc:2:    st_orc_town, layout_caves, basic_altar
Vaults:1: v_misc_28, vaults_room_corners, nicolae_vaults_triangles,
          vaults_room_semicircle, vaults_room_corners,
          nicolae_vaults_minivaults, nicolae_vaults_ring_of_whatevers,
          vaults_mumra_minichess_inversion, nicolae_vaults_back_hallway,
          ontoclasm_vaults_misaligned, ontoclasm_vaults_ring_small,
          vaults_room_pool, dpeg_vaults_monster_box, ontoclasm_vaults_fault,
          layout_vaults_maze_snakey
Vaults:2: dpeg_vaults_monster_row, nicolae_vaults_display_case,
          ontoclasm_vaults_gateway, nicolae_vaults_specimen_jars,
          nicolae_vaults_mini_display_case, hangedman_vaults_corner,
          v_pattern_3, vaults_dpeg_ring, ontoclasm_vaults_ring_large,
          layout_vaults_omnibox, portal_desolation_entry_salt, uniq_sojobo,
          uniq_margery
Vaults:3: nicolae_vaults_hallways_thing, vaults_standard_mumra_x,
          vaults_room_fancy_cross, nicolae_vaults_twisting_passages,
          minmay_crypt_entry_skeletal_spiral, nicolae_vaults_network_periphery,
          ontoclasm_vaults_pinch, ontoclasm_vaults_twist,
          nicolae_vaults_murderbox, vaults_room_pools, hangedman_vaults_trim,
          layout_vaults_ring, uniq_saint_roka
Vaults:4: vaults_room_semicircle, nicolae_vaults_what_the_h,
          grunt_vaults_diagonal, hangedman_vaults_pinch, vaults_room_semicircle,
          nicolae_vaults_big_ls, v_alt_pattern_4, st_diamondy, v_misc_17,
          hangedman_vaults_locks, nicolae_vaults_little_ls,
          vaults_dpeg_diagonal, layout_vaults_omnicross, serial_shops,
          nicolae_shop_statue_plus
Vaults:5: serial_shops
Depths:1: layout_gridlike, serial_shops, shop, grunt_hell_entry_dis_mu,
          nicolae_sextant, kennysheep_doodads, laboratory, serial_bayou_shore_b

Skill      XL: |  1  2  3  4  5  6  7  8  9 10 11 12 13 14 15 16 17 18 19 20 21 22 |
---------------+-------------------------------------------------------------------+-----
Polearms       | 3 4 6 8 10 11 12 14 16 18 20 | 20.0
Invocations    | 4 7 10 12 13 14 15 | 15.0
Shields        | 7 9 |  9.0
Dodging        | 3 6 8 10 11 13 15 | 15.0
Armour         | 4 8 10 12 13 14 15 | 15.0
Fighting       | 5 8 10 12 13 14 15 | 15.0
Evocations     | 3 7 |  7.0
Earth Magic    | 10 15 | 15.8
Spellcasting   | 6 10 | 10.3

Action                   |  1- 3 |  4- 6 |  7- 9 | 10-12 | 13-15 | 16-18 | 19-21 | 22-24 || total
-------------------------+-------+-------+-------+-------+-------+-------+-------+-------++-------
Melee: Spear             |   116 |    70 |       |       |       |       |       |       ||   186
       Trident           |       |   121 |   697 |   904 |       |       |       |       ||  1722
       Dagger            |       |       |    17 |       |       |       |       |       ||    17
       Glaive            |       |       |       |   232 |   869 |  1250 |  1088 |   317 ||  3756
       Hand axe          |       |       |       |       |    28 |     7 |   136 |       ||   171
Throw: Dart              |       |       |     4 |     8 |       |       |       |       ||    12
Invok: Depart the Abyss  |     1 |       |       |       |       |     1 |     1 |     1 ||     4
       Banish            |       |       |       |    13 |     3 |     3 |     2 |       ||    21
       Brand Weapon With |       |       |       |       |     1 |       |       |       ||     1
       Bend Space        |       |       |       |       |       |     1 |     1 |       ||     2
       Corrupt           |       |       |       |       |       |       |     1 |     1 ||     2
       Enter the Abyss   |       |       |       |       |       |       |     1 |     1 ||     2
 Abil: Dig               |     1 |     3 |     2 |    13 |     9 |    36 |     1 |       ||    65
       Stop Flying       |       |       |       |       |       |       |     1 |       ||     1
Evoke: Wand              |       |       |     5 |     7 |       |     1 |     2 |     4 ||    19
       Condenser vane    |       |       |       |       |       |       |     1 |     2 ||     3
  Use: Scroll            |       |     5 |     9 |     8 |    12 |     6 |    11 |       ||    51
       Potion            |       |       |       |     3 |     5 |     2 |     3 |     9 ||    22
 Stab: Petrified         |       |       |       |       |    16 |       |       |       ||    16
       Petrifying        |       |       |       |       |     1 |       |       |       ||     1
       Distracted        |       |       |       |       |     1 |     1 |       |       ||     2
       Held in net/web   |       |       |       |       |       |     2 |       |       ||     2
       Confused          |       |       |       |       |       |       |     1 |     1 ||     2
Armor: Leather armour    |    10 |       |       |       |       |       |       |       ||    10
       Scale mail        |    15 |    63 |       |       |       |       |       |       ||    78
       Plate armour      |       |     6 |   279 |   244 |   130 |   312 |   320 |    54 ||  1345
       Ice dragon scales |       |       |       |       |    98 |    86 |       |       ||   184
       Storm dragon scal |       |       |       |       |       |       |       |    46 ||    46
Dodge: Dodged            |    47 |    62 |    80 |   157 |   160 |   362 |   321 |   168 ||  1357
Block: Kite shield       |       |       |   103 |   462 |   336 |   515 |   479 |   235 ||  2130
       Reflection        |       |       |       |     8 |       |       |    64 |    10 ||    82
       Tower shield      |       |       |       |       |       |       |   200 |       ||   200

Table legend: (Time is in decaauts)
 A = Elapsed time spent in this place.
 B = Non-inter-level travel time spent in this place.
 C = Inter-level travel time spent in this place.
 D = Time resting spent in this place.
 E = Time spent auto-exploring this place.
 F = Levels seen in this place.
 G = Mean time per level.
                   A        B        C        D        E       F      G
               +--------+--------+--------+--------+--------+-----+--------+
         Total |  50385 |  47581 |   2804 |  11086 |  23845 |  42 | 1199.6 |
       Dungeon |  20354 |  18812 |   1542 |   3388 |  10358 |  15 | 1356.9 |
          Lair |   8936 |   8433 |    503 |   1966 |   4758 |   6 | 1489.3 |
         Swamp |   5116 |   4950 |    166 |   1183 |   2470 |   4 | 1279.0 |
   Spider Nest |   4745 |   4536 |    209 |    994 |   1690 |   4 | 1186.2 |
  Orcish Mines |   2203 |   2118 |     85 |    543 |   1029 |   2 | 1101.5 |
        Vaults |   7917 |   7619 |    298 |   2412 |   3458 |   5 | 1583.4 |
        Depths |      5 |      5 |      0 |      0 |      0 |   1 |    5.0 |
         Abyss |    321 |    321 |      0 |    144 |     47 |   4 |   80.2 |
       Ossuary |    784 |    784 |      0 |    456 |     34 |   1 |  784.0 |
               +--------+--------+--------+--------+--------+-----+--------+

Top non-repeatable levels by time:
    D:10: 3196 daAuts
Vaults:4: 2808 daAuts
Spider:4: 2120 daAuts
  Lair:2: 2055 daAuts
  Lair:5: 2052 daAuts
     D:4: 2009 daAuts
Vaults:2: 1874 daAuts
Vaults:1: 1731 daAuts
     D:3: 1668 daAuts
    D:11: 1627 daAuts
     D:8: 1598 daAuts
Vaults:3: 1429 daAuts
 Swamp:4: 1396 daAuts
  Lair:3: 1374 daAuts
     D:5: 1365 daAuts
